 Dungeon Crawl Stone Soup version 0.28-a0-1524-ge72afd5fc6 (webtiles) character file.

Game seed: 15338993232916691461

348 Pin the Covert (level 6, -2/39 HPs)
             Began as an Octopode Brigand on Jan 17, 2022.
             Was a Believer of Makhleb.
             Shot with an arrow by a centaur (14 damage)
             ... on level 4 of the Dungeon.
             The game lasted 00:08:22 (3667 turns).

Pin the Covert (Octopode Brigand)                   Turns: 3667, Time: 00:08:22

Health: -2/39      AC:  1    Str: 10    XL:     6   Next: 60%
Magic:  6/6        EV: 14    Int: 14    God:    Makhleb [**....]
Gold:   108        SH:  5    Dex: 15    Spells: 5/5 levels left

rFire   . . .      SeeInvis .   a - +3 dagger
rCold   + . .      Faith    .   (no shield)
rNeg    . . .      Spirit   .   (helmet restricted)
rPois   .          Reflect  +   o - amulet of reflection
rElec   .          Harm     .   f - ring of protection from cold
rCorr   .          Rampage  .   (no ring)
Will    .....                   (no ring)
Stlth   +++++.....              (no ring)
HPRegen 0.13/turn               (no ring)
MPRegen 0.10/turn               (no ring)
                                (no ring)
                                (no ring)

@: no status effects
A: almost no armour, amphibious, 8 rings, camouflage 1, gelatinous body 1,
(nimble swimmer 1), tentacles
a: Renounce Religion, Minor Destruction


You were on level 4 of the Dungeon.
You worshipped Makhleb.
Makhleb was pleased with you.
You visited 1 branch of the dungeon, and saw 4 of its levels.

You collected 108 gold pieces.

Inventory:

Hand Weapons
 a - a +3 dagger (weapon)
Missiles
 b - 12 poisoned darts (quivered)
 c - 2 curare-tipped darts
 h - a throwing net
Jewellery
 f - a ring of protection from cold (left tentacle)
 o - an amulet of reflection (around mantle)
Scrolls
 m - a scroll of vulnerability {unknown}
 n - a scroll of fear {unknown}
 p - a scroll of holy word {unknown}
 q - a scroll of brand weapon {unknown}
Potions
 d - a potion of resistance {unknown}
 e - a potion of attraction {unknown}
 g - 2 potions of flight {unknown}
 i - a potion of ambrosia {unknown}
 j - 3 potions of haste {unknown}
 k - a potion of heal wounds {unknown}
 l - 2 potions of curing {unknown}


   Skills:
 - Level 2.0 Fighting
 + Level 3.2 Short Blades
 - Level 2.0 Throwing
 + Level 4.1 Dodging
 + Level 8.0 Stealth


You had 5 spell levels left.
You didn't know any spells.
Your spell library was empty.

Dungeon Overview and Level Annotations

Branches:
Dungeon (4/15)
 Temple: D:4-7

Altars:
Makhleb


Innate Abilities, Weirdness & Mutations

You cannot wear most types of armour.
You are amphibious.
You can wear up to eight rings at the same time.
Your skin changes colour to match your surroundings (Stealth+).
Your rubbery body absorbs attacks. (AC +1, EV +1)
((You are camouflaged when in or above water. (Stealth+)))
You have tentacles for arms and can constrict up to eight enemies at once.


Message History

An orc comes into view. It is wielding a +0 dagger.
The orc shouts!
Your Stealth skill increases to level 8!
You hear a shout!
The centaur unwields a +0 shortbow.
The centaur closely misses you. The centaur kicks you.
You block the centaur's attack. The centaur closely misses you.
Items here: ! ))) [[ †.
You hit the centaur.
The centaur is lightly wounded.
The centaur hits you.
The centaur kicks you but does no damage.
A centaur comes into view.
You barely miss the centaur.
The centaur is lightly wounded.
The centaur hits you. The centaur kicks you. You block the orc's attack.
The centaur hits you. The centaur completely misses you.
You hit the centaur. You squeeze the centaur.
The centaur is moderately wounded.
You block the orc's attack. The centaur completely misses you.
The centaur kicks you.
* * * LOW HITPOINT WARNING * * *
You hit the centaur. Your squeeze misses the centaur.
The centaur is heavily wounded.
You block the centaur's attack. The centaur kicks you.
* * * LOW HITPOINT WARNING * * *
The orc barely misses you.
The centaur wields a +0 shortbow.
The centaur shoots an arrow.
The arrow closely misses you.
You closely miss the orc. You grab the orc. You constrict the orc.
You hit the orc.
The orc is moderately wounded.
You constrict the orc. The orc closely misses you.
You puncture the orc!
You kill the orc!
Makhleb accepts your kill.
You feel better.
The centaur wields a +0 shortbow.
The centaur shoots an arrow.
You reflect the arrow off an invisible shield around you!
The arrow hits the centaur!
The centaur shoots an arrow.
The arrow hits you!
You die...

.....#.♣#
.......##....#..♣♣
#>............... ♣ #.....
......#..♣ ♣.
#....####......♣ .♣
#...........<..♣ .♣
#.....#.#..#...♣# ♣.♣#
#.......#..#....♣♣♣...♣♣♣.
#..<....)..#.#..@)c.......
#.#........#.#####co.##.#
.............# #.###
#.##....####### #c#
..................oc......
..#.....#######.......##.#
..[..........##......##
..#.....####.##......#
........# ........


You could see 2 centaurs and an orc.

Vanquished Creatures
  Sigmund (D:4)
  2 orc priests
  4 adders
  4 worms (D:2)
  A dart slug (D:3)
  7 orcs
  5 endoplasms
  9 giant cockroaches
  4 goblins
  4 hobgoblins
  8 jackals
  4 quokkas
  5 ball pythons
  5 bats
  5 frilled lizards
  8 kobolds
  3 rats
79 creatures vanquished.

Notes
Turn   | Place    | Note
-------+----------+-------------------------------------------
     0 | D:1      | Pin the Octopode Brigand began the quest for the Orb.
     0 | D:1      | Reached XP level 1. HP: 14/14 MP: 1/1
   345 | D:1      | Reached XP level 2. HP: 19/19 MP: 2/2
   375 | D:1      | Found a faded altar of an unknown god.
   385 | D:1      | Prayed at the altar of an unknown god.
   385 | D:1      | Became a worshipper of Makhleb the Destroyer
   385 | D:1      | Reached * piety under Makhleb
   508 | D:1      | You fall into a shaft and drop 1 floor!
   663 | D:2      | Reached skill level 6 in Stealth
   680 | D:2      | Reached XP level 3. HP: 24/24 MP: 3/3
  1068 | D:2      | Reached XP level 4. HP: 29/29 MP: 4/4
  1091 | D:2      | Reached ** piety under Makhleb
  2175 | D:3      | Reached skill level 7 in Stealth
  2435 | D:3      | Reached XP level 5. HP: 33/34 MP: 5/5
  3226 | D:4      | Noticed Sigmund
  3286 | D:4      | Killed Sigmund
  3287 | D:4      | Reached XP level 6. HP: 10/39 MP: 6/6
  3656 | D:4      | Reached skill level 8 in Stealth
  3667 | D:4      | Shot with an arrow by a centaur

Illustrated notes

Levels and vault maps discovered:
D:1:      psy_arrival_whirlpool, layout_rooms, ebering_ecumenical_altar_mist,
          serial_corexii_hall, corexii_hall_statues_u, corexii_hall_statues_t,
          corexii_hall_statues_l, corexii_hall_statues_i
D:2:      minmay_roachtagon, layout_rooms
D:3:      layout_basic, minmay_checkerbox
D:4:      layout_basic, minmay_stone_trees_medium, chequers_mini_garden,
          minmay_manual_mares, uniq_sigmund, uniq_eustachio, uniq_robin

Skill      XL: |  1  2  3  4  5  6 |
---------------+-------------------+-----
Dodging        | 2 3 4 |  4.1
Stealth        | 6 7 8 |  8.0
Short Blades   | 3 |  3.2
Fighting       | |  2.0
Throwing       | |  2.0

Action                   |  1- 3 |  4- 6 || total
-------------------------+-------+-------++-------
Melee: Dagger            |    56 |   109 ||   165
       Constrict         |    13 |    23 ||    36
       Tentacles         |    15 |    18 ||    33
       Punch             |     1 |     3 ||     4
  Use: Scroll            |     4 |     1 ||     5
 Stab: Sleeping          |     8 |    12 ||    20
       Distracted        |     1 |     1 ||     2
Armor: Skin              |     2 |     7 ||     9
Dodge: Dodged            |    27 |    53 ||    80
Block: Other             |       |    11 ||    11
       Reflection        |       |     3 ||     3

Table legend: (Time is in decaauts)
 A = Elapsed time spent in this place.
 B = Non-inter-level travel time spent in this place.
 C = Inter-level travel time spent in this place.
 D = Time resting spent in this place.
 E = Time spent auto-exploring this place.
 F = Levels seen in this place.
 G = Mean time per level.
                   A        B        C        D        E       F      G
               +--------+--------+--------+--------+--------+-----+--------+
         Total |   3651 |   3575 |     76 |   1626 |   1272 |   4 |  912.8 |
       Dungeon |   3651 |   3575 |     76 |   1626 |   1272 |   4 |  912.8 |
               +--------+--------+--------+--------+--------+-----+--------+

Top non-repeatable levels by time:
     D:2: 1493 daAuts
     D:3: 1340 daAuts
     D:1: 614 daAuts
     D:4: 202 daAuts
